Unix NetHack Version 3.7.0-59 Work-in-progress - last build May 31 2022 12:28:31 (9682f85d67e5dc958826419965e067e47ead9563,branch:master). Game began 2022-06-01 00:00:27, ended 2022-06-01 00:17:24. habib, chaotic female elven Priestess ----- |...| ----------- |....## |))))[))))| ######....| # |)))))))))| ----------- ----- --.-- # |)))))))))| |.........| |...| # ### |)[)))))))| |.........| |...| # #--------- |.........| |.........| # |>..| ### #|.......| -----|----- |......[...##### |...| ----.-- #......%.| # ##..........| ####@#.....######......|# |.......| # # ----------- ## ----- |.....|# |.......| # # ### |.....|`#####........| # # ############|.....| --------- ---.--- ## |.....|## |.....| ###### |......[ |.....-### ------- |.<...| ------- Habib the Acolyte St:11 Dx:14 Co:15 In:8 Wi:18 Ch:9 Chaotic S:851 Dlvl:4 $:49 HP:0(31) Pw:39(47) AC:-1 Xp:4/138 T:1449 Burdened Blind Latest messages: D - an uncursed sky blue potion. You see here an uncursed iron skull cap. You have a little trouble lifting E - an uncursed iron skull cap. Your movements are slowed slightly because of your load. What do you want to take off? [bcmv or ?*] ? You finish taking off your helm. What do you want to wear? [mE or ?*] ? You finish your dressing maneuver. You drop an uncursed +0 iron skull cap. Your movements are now unencumbered. You miss the yellow mold. You see here 2 uncursed eggs. You miss the dwarf zombie. The dwarf zombie hits! You destroy the dwarf zombie! With great effort you move the boulder. You kill the acid blob! You are splashed by the acid blob's acid! The gnome zombie misses! You destroy the gnome zombie! You hit the rothe. The rothe misses! The rothe just misses! The rothe bites! You miss the rothe. The rothe hits! The rothe bites! The rothe bites! You kill the rothe! You have a little trouble lifting F - an uncursed brown potion. You see here an uncursed rothe corpse. Your movements are slowed slightly because of your load. There is an uncursed rothe corpse here; eat it? [ynq] (n) y Blecch! Rotten food! Everything suddenly goes dark. You finish eating the rothe corpse. It hits! It bites! It bites! You hit it. You hit it. You miss it. It hits! It bites! It bites! It hits! It bites! It bites! You die... Do you want your possessions identified? [ynq] (y) q Major events: Turn 1: habib the chaotic elven Priestess entered the dungeon 1039: entered the Gnomish Mines 1042: attained the rank of Acolyte (level 3) 1449: killed by a rothe Inventory: Coins $ - 49 gold pieces Weapons a - a blessed +1 mace (weapon in hand) Armor E - an uncursed +0 orcish helm (being worn) v - an uncursed +0 pair of iron shoes (being worn) c - an uncursed +0 small shield (being worn) b - an uncursed +0 robe (being worn) j - an uncursed +0 chain mail (being worn) Comestibles e - an uncursed clove of garlic y - an uncursed food ration f - an uncursed sprig of wolfsbane p - an uncursed tripe ration B - an uncursed lichen corpse Scrolls A - an uncursed scroll of identify Potions D - an uncursed potion of see invisible F - an uncursed potion of sickness C - a blessed potion of speed d - a potion of holy water Rings r - an uncursed ring of levitation Wands o - an uncursed wand of probing (0:5) u - an uncursed wand of probing (0:5) Tools i - an uncursed bugle x - an uncursed +0 pick-axe Habib the Priestess's attributes: Background: You were an Acolyte, a level 4 elven Priestess. You were chaotic, nominally on a mission for Poseidon who was opposed by Athena (lawful) and Hermes (neutral). You were in the Dungeons of Doom, on level 4. You entered the dungeon 1449 turns ago. It was the midnight hour. There was a new moon in effect when your adventure ended. You had 138 experience points, 22 more were needed to attain level 5. Your score was 851 before end-of-game adjustments. Basics: You had 0 out of 31 hit points. You had 39 out of 47 energy points (spell power). Your armor class was -1. Your wallet contained 49 zorkmids. Autopickup was on for '$?!/="' plus thrown, with exceptions. Final Characteristics: Your strength was 11 (limit:18). Your dexterity was 14 (limit:18). Your constitution was 15 (limit:16). Your intelligence was 8 (limit:20). Your wisdom was 18 (limit:20). Your charisma was 9 (limit:18). Final Status: You were temporarily blind. You were not hungry. You were burdened; movement was slightly slowed. You were wielding a mace. You had basic skill with mace. Final Attributes: You were devoutly aligned. You were sleep resistant. You had infravision. You were guarded. You are dead. Miscellaneous: You encountered 1 bones level. Total elapsed playing time was 16 minutes and 57 seconds. Vanquished creatures: a shrieker a gnome leader 3 dwarves a rothe a dwarf zombie an acid blob 2 coyotes 10 gnomes 3 gnome zombies 2 geckos 2 jackals 2 goblins 2 grid bugs 2 lichens 5 newts 38 creatures vanquished. No species were genocided or became extinct. Voluntary challenges: You were an atheist. You read items or engraved 2 times. You engraved Elbereth 1 time. You never genocided any monsters. You never polymorphed an object. You never changed form. You used no wishes. Achievements: You entered a shop. You entered the Gnomish Mines. You attained the rank of Acolyte. The Dungeons of Doom: levels 1 to 5 Level 1: "vault" Level 2: "stash" Level 3: "vault" A fountain. Level 4: <- You were here. A weapon shop. Stairs down to The Gnomish Mines. Final resting place for you, killed by a rothe. Level 5: Final resting place for Zefnar-Wiz-Elf-Fem-Cha, killed by an acidic corpse. The Gnomish Mines: levels 5 to 6 Level 5: Level 6: Game over: ---------- / \ / REST \ / IN \ / PEACE \ / \ | habib | | 49 Au | | killed by a | | rothe | | | | | | 2022 | *| * * * | * _________)/\\_//(\/(/\)/\//\/|_)_______ Goodbye habib the Priestess... You died in The Dungeons of Doom on dungeon level 4 with 847 points, and 49 pieces of gold, after 1449 moves. You were level 4 with a maximum of 31 hit points when you died.